 Dungeon Crawl Stone Soup version 0.24.0-123-gd5b16e6ec5 (webtiles) character file.

Game seed: 17847381842617094742, levelgen mode: deterministic

177119 elgeorgio the Warrior (level 18, -1/179 HPs)
             Began as a Hill Orc Berserker on Jan 22, 2020.
             Was a High Priest of Trog.
             Slain by a sixfirhy (5 damage)
             ... led by a cacodemon
             ... on level 3 of the Abyss on Jan 23, 2020.
             The game lasted 05:46:18 (44916 turns).

elgeorgio the Warrior (Hill Orc Berserker)         Turns: 44916, Time: 05:46:18

Health: -1/179     AC: 22    Str: 33      XL:     18   Next: 15%
Magic:  18/18      EV: 11    Int:  9 (11) God:    Trog [*****.]
Gold:   1891       SH: 12    Dex: 12      Spells: 17/17 levels left

rFire    + . .     SeeInvis +   F - +6 broad axe "Loaq" {chop, rPois}
rCold    . . .     Gourm    .   A - +2 buckler
rNeg     + + +     Faith    .   L - +2 scale mail of the Little Devil {rN+++ Dex+2}
rPois    +         Spirit   .   E - +2 hat
rElec    .         Reflect  +   Z - +1 cloak {rF+}
rCorr    .         Harm     .   (no gloves)
MR       +....     NoTele   +   i - +2 pair of boots
Stlth    +.........             X - +3 amulet of reflection
HPRegen  0.39/turn              g - ring "Ujain" {-Tele rPois rN+ SInv}
MPRegen  0.16/turn              p - ring "Dont" {Int+6 Stlth+}

@: mighty, berserk cooldown, slowed, very slow
A: blurry vision 1, dopey 1
a: Berserk, Trog's Hand, Brothers in Arms, Renounce Religion


You were on level 3 of the Abyss.
You worshipped Trog.
Trog was extremely pleased with you.
You were not hungry.

You visited 4 branches of the dungeon, and saw 26 of its levels.
You visited the Abyss 1 time.
You also visited: Bailey and Volcano.

You collected 3018 gold pieces.
You spent 1127 gold pieces at shops.

Inventory:

Hand Weapons
 n - a +1 war axe of draining
 C - a +2 flail of flaming
 F - the +6 broad axe "Loaq" (weapon) {chop, rPois}
   (Trog gifted it to you on level 9 of the Dungeon)

   It inflicts extra damage upon your enemies.
   It protects you from poison.
 M - a +2 flail of holy wrath
Armour
 a - a +0 shield
 h - +0 ice dragon scales
 i - a +2 pair of boots (worn)
 j - a +0 cloak of invisibility
 y - the +2 cloak of Midwinter {Str+3 Int+5}
   (You found it on level 2 of the Lair of Beasts)

   It affects your strength (+3).
   It affects your intelligence (+5).
 z - a scarf of cloud immunity
 A - a +2 buckler (worn)
 E - a +2 hat (worn)
 L - the +2 scale mail of the Little Devil (worn) {rN+++ Dex+2}
   (You found it in a bailey)

   It affects your dexterity (+2).
   It renders you almost immune to negative energy.
 Z - a +1 cloak of fire resistance (worn)
Jewellery
 g - the ring "Ujain" (left hand) {-Tele rPois rN+ SInv}
   (You found it on level 5 of the Dungeon)

   [ring of poison resistance]

   It protects you from poison.
   It protects you from negative energy.
   It lets you see invisible.
   It prevents most forms of teleportation.
 o - an uncursed ring of see invisible
 p - the ring "Dont" (right hand) {Int+6 Stlth+}
   (You found it in a volcano)

   [ring of stealth]

   It affects your intelligence (+6).
   It makes you more stealthy.
 H - an uncursed ring of protection from cold
 J - an uncursed amulet of the gourmand
 O - an uncursed amulet of rage
 P - an uncursed ring of resist corrosion
 W - an uncursed ring of fire
 X - a +3 amulet of reflection (around neck)
Wands
 b - a wand of digging (3)
 m - a wand of paralysis (22)
 w - a wand of polymorph (6)
 I - a wand of iceblast (7)
 R - a wand of random effects (36)
Scrolls
 e - a scroll of magic mapping
 f - 3 scrolls of identify
 k - 6 scrolls of remove curse
 r - 3 scrolls of blinking
 t - 4 scrolls of fog
 u - a scroll of summoning
 x - 5 scrolls of enchant weapon
 K - a scroll of teleportation
 S - 3 scrolls of acquirement
Potions
 c - a potion of mutation
 d - a potion of magic
 l - 8 potions of brilliance
 s - 4 potions of flight
 B - a potion of ambrosia
 D - 6 potions of curing
 G - 4 potions of agility
 T - 3 potions of berserk rage
 U - a potion of might
 V - a potion of cancellation
 Y - 2 potions of lignification
Miscellaneous
 N - a fan of gales
Comestibles
 q - 21 rations


   Skills:
 - Level 20.3 Fighting
 - Level 18.1 Axes
 - Level 1.0(10.5) Maces & Flails
 * Level 19.7 Armour
 - Level 1.6 Dodging
 * Level 12.6 Shields


You had 17 spell levels left.
You didn't know any spells.
Your spell library contained the following spells:

 Spells                   Type           Power        Failure   Level  Hunger
 Flame Tongue             Conj/Fire      #....        52%         1    ##.....
 Sandblast                Erth           #.....       52%         1    ##.....
 Summon Small Mammal      Summ           #...         52%         1    ##.....
 Passwall                 Tmut/Erth      #.......     65%         2    ###....
 Conjure Flame            Conj/Fire      #.......     87%         3    ####...
 Ignite Poison            Fire/Tmut/Pois #.......     87%         3    ####...
 Recall                   Summ/Tloc      N/A          87%         3    ####...
 Static Discharge         Conj/Air       #.......     87%         3    ####...
 Stone Arrow              Conj/Erth      #.....       87%         3    ####...
 Cause Fear               Hex            #.........   99%         4    #####..
 Petrify                  Tmut/Erth      #.......     99%         4    #####..
 Bolt of Magma            Conj/Fire/Erth #.........   100%        5    ######.
 Fireball                 Conj/Fire      #.........   100%        5    ######.
 Iskenderun's Battlesphe  Conj/Chrm      #.......     100%        5    ######.
 Lee's Rapid Deconstruct  Erth           #.........   100%        5    ######.
 Venom Bolt               Conj/Pois      #.........   100%        5    ######.
 Bolt of Fire             Conj/Fire      #.........   100%        6    #######
 Iron Shot                Conj/Erth      #.........   100%        6    #######
 Dragon Form              Tmut           #.........   100%        7    #######
 Orb of Destruction       Conj           #.........   100%        7    #######
 Ring of Flames           Chrm/Fire      #.........   100%        7    #######
 Spellforged Servitor     Conj/Summ      #.........   100%        7    #######
 Ignition                 Fire           #.........   100%        8    #######
 Dragon's Call            Summ           #.........   100%        9    #######


Dungeon Overview and Level Annotations

Branches:
Dungeon (15/15)            Temple (0/1) D:6            Lair (6/6) D:11
 Shoals (0/4) Lair:4        Snake (0/4) Lair:2        Slime (0/5) Lair:6
    Orc (2/2) D:10            Elf (3/3) Orc:2        Vaults (0/5) D:13
 Depths (0/5) D:15         Bailey (visited)         Volcano (visited)

Altars:
Cheibriados
Fedhas
Okawaru
Sif Muna
Trog
Uskayaw
Xom
Yredelemnul
Zin
Beogh

Shops:
D:10 }   D:12 :   Orc:2 [*?(   Elf:3 =

Portals:
Trove: D:11 (give 19 potions of curing)

Annotations:
D:13 2 transporters


Innate Abilities, Weirdness & Mutations

Scrolls take you a little longer to read.
You are dopey. (Int -2)


Message History

You slice the raiju!!
The raiju is severely wounded.
You block the raiju's attack.
You slice the raiju!!
You kill the raiju!
Trog accepts your kill.
A sixfirhy comes into view.
A raiju comes into view.
You completely miss the sixfirhy. You slice the sixfirhy!!
The sixfirhy is heavily wounded.
You hear a roar!
The sixfirhy hits you!
* * * LOW HITPOINT WARNING * * *
The sixfirhy shocks you!
* * * LOW HITPOINT WARNING * * *
You closely miss the sixfirhy.
The sixfirhy is heavily wounded.
You block the sixfirhy's attack. The sixfirhy closely misses you.
The sixfirhy hits you.
You die...

#. .
.... #
#. ....#
# . #...
# . #
#.....#
#.......
.§ .
###..
.......
#)#h. ..
. .
#..#3# .
. . #
###@# .
#
##.##..
. ..†#
.. ..
##. ..
..... #
.. . #
.### ..
. # ## .
# . . .
. . .


You could see a sixfirhy and a raiju.

Vanquished Creatures
  Saint Roka (Orc:2)
  A deep elf master archer (Elf:3)
  A deep elf blademaster (Elf:3)
  An Executioner (Abyss:3)
  2 tentacled starspawn (Abyss:3)
  3 deep elf sorcerers (Elf:3)
  2 orc warlords
  5 deep elf elementalists (Elf:3)
  4 deep elf demonologists
  3 deep elf annihilators (Elf:3)
  3 deep elf high priests (Elf:3)
  2 deep elf death magi
  Snorg (Orc:2)
  3 crystal guardians (Elf:3)
  7 hydras
  A vault guard (D:11)
  3 centaur warriors (D:15)
  A death knight (D:13)
  4 two-headed ogres
  23 dancing weapons
  3 catoblepae
  4 death yaks (Lair:6)
  A deep troll shaman (Lair:6)
  4 orc high priests
  14 deep elf knights
  A wretched star (Abyss:3)
  Sonja (Lair:6)
  8 skeletal warriors
  3 phantasmal warriors (D:13)
  5 deep elf archers
  A lindwurm (Lair:4)
  7 orc knights
  3 necromancers
  54 deep elf magi
  A cyclops (D:13)
  7 orc sorcerers
  6 ugly things
  A manticore (D:13)
  2 elephants (Lair:6)
  7 large abominations
  A worldbinder (Abyss:3)
  8 black mambas
  Joseph (D:8)
  A naga mage (D:15)
  An apocalypse crab (Abyss:3)
  2 smoke demons (Abyss:3)
  9 spiny frogs
  3 gargoyles
  6 komodo dragons
  2 kobold demonologists (Bailey)
  4 rime drakes
  A troll (shapeshifter) (Elf:3)
  11 trolls
  A jumping spider (shapeshifter) (D:14)
  A meliai (shapeshifter) (Elf:1)
  A wolf spider simulacrum (D:15)
  A hornet (shapeshifter) (D:14)
  A hornet (D:13)
  12 slime creatures
  9 hippogriffs
  Grinder (D:3)
  A raiju (shapeshifter) (Elf:1)
  5 raiju (Abyss:3)
  18 blink frogs
  7 starcursed masses (Abyss:3)
  An air elemental (Elf:1)
  Sigmund (D:6)
  6 wraiths
  A ynoxinul (Abyss:3)
  21 yaks
  A vampire (D:13)
  A human (D:10)
  2 wyverns
  2 basilisks (Lair:4)
  2 neqoxecs (Abyss:3)
  A chaos spawn (Abyss:3)
  2 hungry ghosts
  5 vampire mosquitoes (D:14)
  2 steam dragons (D:14)
  10 wargs
  A soldier ant (shapeshifter) (D:14)
  4 acid dragons
  12 water moccasins
  3 porcupines
  7 ice beasts
  6 sky beasts
  42 orc warriors
  4 phantoms
  A black bear (Lair:6)
  3 eyes of draining
  9 ogres
  19 centaurs
  A necrophage (D:7)
  34 wolves
  7 crocodiles
  2 elf zombies (Elf:1)
  2 big kobolds
  17 bullfrogs
  5 earth elementals
  A water moccasin skeleton (D:8)
  2 scorpions
  13 wights
  4 howler monkeys
  3 electric eels
  8 crimson imps
  A lava snake (Volcano)
  2 quasits
  2 centaur zombies
  6 jellies
  2 bullfrog skeletons
  3 centaur skeletons
  9 hounds
  23 orc priests
  A gnoll shaman (D:4)
  3 iguanas
  35 orc wizards
  10 worker ants
  4 small abominations (Abyss:3)
  A hound zombie (D:8)
  A hound skeleton (D:8)
  A howler monkey zombie (D:11)
  2 worker ant zombies
  10 gnolls
  15 adders
  5 shadow imps
  An ufetubus (Abyss:3)
  2 oozes (D:1)
  An adder skeleton (D:6)
  An adder zombie (D:7)
  3 worms
  3 dart slugs
  4 leopard geckos
  115 orcs
  A ball python (D:1)
  4 giant cockroaches
  22 goblins
  10 hobgoblins
  21 jackals
  7 quokkas
  4 bats
  6 frilled lizards
  A jackal zombie (D:7)
  20 kobolds
  A leopard gecko skeleton (D:6)
  6 rats
  A butterfly (Lair:4)
  2 fungi (Lair:6)
  4 plants
  A starspawn tentacle (Abyss:3)
957 creatures vanquished.

Vanquished Creatures (collateral kills)
  An ogre mage (Volcano)
  2 hydras
  2 dancing weapons (Elf:2)
  3 two-headed ogres (Volcano)
  Nergalle (D:11)
  A deep elf knight (Elf:2)
  A hell knight (Volcano)
  A wizard (D:15)
  A molten gargoyle (Volcano)
  3 centaur skeletons (D:15)
  A harpy skeleton (D:15)
  A necrophage (D:11)
  A big kobold (D:11)
  3 kobolds (D:11)
22 creatures vanquished.

Vanquished Creatures (others)
  A deep elf archer (Elf:3)
  A deep elf mage (Elf:3)
  A centaur (D:14)
  An orc wizard (D:7)
  4 fungi
  6 plants
  4 starspawn tentacles (Abyss:3)
18 creatures vanquished.

Grand Total: 997 creatures vanquished

Notes
Turn   | Place    | Note
-------+----------+-------------------------------------------
     0 | D:1      | elgeorgio the Hill Orc Berserker began the quest for the
                  | Orb.
     0 | D:1      | Reached XP level 1. HP: 19/19 MP: 1/1
    47 | D:1      | Reached XP level 2. HP: 21/27 MP: 2/2
   413 | D:1      | Reached skill level 5 in Axes
   465 | D:1      | Reached XP level 3. HP: 33/33 MP: 3/3
   881 | D:2      | Reached ** piety under Trog
  1133 | D:2      | Reached XP level 4. HP: 30/40 MP: 4/4
  1509 | D:2      | Noticed a sky beast
  1523 | D:2      | Killed a sky beast
  1523 | D:2      | Reached XP level 5. HP: 15/46 MP: 5/5
  1957 | D:3      | Noticed Grinder
  1957 | D:3      | Noticed a centaur
  2003 | D:3      | Killed Grinder
  2003 | D:3      | Reached XP level 6. HP: 39/52 MP: 6/6
  2647 | D:3      | Reached skill level 10 in Axes
  2647 | D:3      | Reached XP level 7. HP: 20/58 MP: 7/7
  2746 | D:3      | Reached *** piety under Trog
  3256 | D:4      | Found a hide-covered altar of Uskayaw.
  4066 | D:4      | Reached XP level 8. HP: 66/66 MP: 8/8
  4099 | D:5      | Entered Level 5 of the Dungeon
  4304 | D:5      | Got a translucent bone ring
  4366 | D:5      | Reached skill level 4 in Fighting
  4826 | D:5      | Identified the ring "Ujain" {-Tele rPois rN+ SInv} (You
                  | found it on level 5 of the Dungeon)
  4841 | D:5      | Reached **** piety under Trog
  5354 | D:6      | Reached skill level 5 in Fighting
  5359 | D:6      | Found a staircase to the Ecumenical Temple.
  5590 | D:6      | Reached XP level 9. HP: 64/75 MP: 9/9
  5609 | D:6      | Found a snail-covered altar of Cheibriados.
  5636 | D:6      | Noticed Sigmund
  5655 | D:6      | Killed Sigmund
  5655 | D:6      | Reached skill level 6 in Fighting
  5775 | D:6      | Found a shimmering altar of Xom.
  6325 | D:7      | Reached skill level 1 in Shields
  6607 | D:7      | Found an iron altar of Okawaru.
  6686 | D:7      | Reached ***** piety under Trog
  6705 | D:7      | Reached skill level 7 in Fighting
  7040 | D:7      | Reached skill level 8 in Fighting
  7046 | D:7      | Reached skill level 5 in Armour
  7112 | D:7      | Reached XP level 10. HP: 83/88 MP: 10/10
  7362 | D:8      | Noticed Joseph
  7667 | D:8      | Killed Joseph
  8112 | D:8      | Reached skill level 9 in Fighting
  8316 | D:8      | Paralysed by fainting for 7 turns
  8384 | D:8      | Found a shimmering blue altar of Sif Muna.
  8981 | D:9      | Noticed a two-headed ogre
  9002 | D:9      | Killed a two-headed ogre
  9237 | D:9      | Found a basalt altar of Yredelemnul.
  9295 | D:9      | Noticed a brown ugly thing
  9333 | D:9      | Killed a brown ugly thing
  9536 | D:9      | Reached skill level 10 in Fighting
  9562 | D:9      | Found a blossoming altar of Fedhas.
  9616 | D:9      | Reached skill level 5 in Shields
  9727 | D:9      | Reached XP level 11. HP: 96/99 MP: 11/11
  9752 | D:9      | Received a gift from Trog
  9771 | D:9      | Got a jewelled broad axe {god gift}
  9772 | D:9      | Identified the +6 broad axe "Loaq" {chop, rPois} (Trog
                  | gifted it to you on level 9 of the Dungeon)
 10141 | D:10     | Entered Level 10 of the Dungeon
 10247 | D:10     | Found a staircase to the Orcish Mines.
 10391 | D:9      | Found a bloodstained altar of Trog.
 10663 | D:10     | Identified the Guide on Summoning and Confrontation
 10732 | D:10     | Found Suecor's Gadget Emporium.
 10836 | D:10     | Bought a wand of paralysis (7) for 126 gold pieces
 10892 | D:11     | Reached skill level 15 in Axes
 10959 | D:11     | Noticed Nergalle
 10965 | D:11     | Noticed a seven-headed hydra
 10976 | D:11     | Killed a seven-headed hydra
 10980 | D:11     | Killed Nergalle
 11149 | D:11     | Reached skill level 10 in Armour
 11271 | D:11     | Found a staircase to the Lair.
 11374 | D:11     | Found a flagged portal.
 11391 | Bailey   | Entered a bailey
 11455 | Bailey   | Found an iron altar of Okawaru.
 11587 | Bailey   | Reached ****** piety under Trog
 11681 | Bailey   | Received a gift from Trog
 12235 | Bailey   | Got a shimmering dire flail
 12246 | Bailey   | Got a warped scale mail
 12280 | Bailey   | Identified the cursed +0 dire flail "Paugegaa" {venom, rC+}
                  | (You found it in a bailey)
 12291 | Bailey   | Identified the +2 scale mail of the Little Devil {rN+++
                  | Dex+2} (You found it in a bailey)
 12995 | D:11     | Noticed a vault guard
 13005 | D:11     | Killed a vault guard
 13005 | D:11     | Reached XP level 12. HP: 99/106 MP: 12/12
 13014 | D:11     | Found a portal to a secret trove of treasure.
 13067 | D:11     | Got a clouded crystal amulet
 13068 | D:11     | Identified the amulet of Lies {Harm *Drain rPois rN+ SInv}
                  | (You acquired it on level 11 of the Dungeon)
 13294 | Orc:1    | Entered Level 1 of the Orcish Mines
 13579 | Orc:2    | Entered Level 2 of the Orcish Mines
 13750 | Orc:2    | Noticed an orc warlord
 13769 | Orc:1    | Killed an orc warlord
 14240 | Orc:2    | Found a staircase to the Elven Halls.
 14327 | Orc:2    | Noticed Snorg
 14457 | Orc:2    | Killed Snorg
 14822 | Orc:2    | Noticed a soul eater
 14823 | Orc:2    | Paralysed by an orc sorcerer for 6 turns
 15181 | Orc:1    | Noticed an orc warlord
 15337 | Orc:2    | Noticed Saint Roka
 15420 | Orc:1    | Reached skill level 11 in Fighting
 15820 | Orc:2    | Noticed an orc high priest
 15820 | Orc:2    | Noticed an orc high priest
 15820 | Orc:2    | Noticed an orc high priest
 15879 | Orc:1    | Killed an orc high priest
 15879 | Orc:1    | Received a gift from Trog
 15916 | Orc:2    | Killed an orc high priest
 16273 | Orc:2    | Killed Saint Roka
 16273 | Orc:2    | Reached skill level 12 in Fighting
 16273 | Orc:2    | Reached XP level 13. HP: 119/119 MP: 13/13
 16820 | Orc:2    | Reached skill level 13 in Fighting
 16927 | Orc:2    | Paralysed by an orc sorcerer for 3 turns
 17642 | Orc:2    | Found Xeacsuij's Assorted Antiques.
 17642 | Orc:2    | Found Goptes's Armour Emporium.
 17643 | Orc:2    | Found Xaxeu's Weapon Boutique.
 17643 | Orc:2    | Found Wouruam's Magic Scroll Boutique.
 17686 | Orc:2    | Bought a scroll of acquirement for 676 gold pieces
 17686 | Orc:2    | Bought a scroll of identify for 26 gold pieces
 17686 | Orc:2    | Bought a scroll of identify for 26 gold pieces
 17686 | Orc:2    | Bought a scroll of identify for 26 gold pieces
 17830 | Orc:2    | Bought an embroidered cloak for 247 gold pieces
 17927 | Orc:2    | Killed an orc warlord
 18332 | Orc:2    | Reached skill level 14 in Fighting
 19221 | Lair:1   | Entered Level 1 of the Lair of Beasts
 19613 | Lair:1   | Received a gift from Trog
 20211 | Lair:1   | Reached skill level 15 in Fighting
 20211 | Lair:1   | Reached skill level 1 in Maces & Flails
 21118 | Lair:2   | Reached XP level 14. HP: 135/135 MP: 14/14
 21129 | Lair:2   | Got an ancient cloak
 21131 | Lair:2   | Identified the +2 cloak of Midwinter {Str+3 Int+5} (You
                  | found it on level 2 of the Lair of Beasts)
 21303 | Lair:2   | Found a staircase to the Snake Pit.
 22037 | Lair:2   | Reached skill level 16 in Fighting
 22419 | Lair:3   | Received a gift from Trog
 22520 | Lair:3   | Found a dark tunnel.
 22529 | Volcano  | Entered a volcano
 22655 | Volcano  | Found a radiant altar of Vehumet.
 22893 | Volcano  | Got a transparent brass ring
 22988 | Lair:3   | Identified the ring "Dont" {Int+6 Stlth+} (You found it in
                  | a volcano)
 23544 | Lair:3   | Reached skill level 17 in Fighting
 23844 | Lair:4   | Found a glowing silver altar of Zin.
 24582 | Lair:4   | Found a staircase to the Shoals.
 24850 | Lair:6   | Entered Level 6 of the Lair of Beasts
 24854 | Lair:6   | Noticed Sonja
 24873 | Lair:6   | Killed Sonja
 25837 | Lair:6   | Reached skill level 18 in Fighting
 26455 | Lair:6   | Found a staircase to the Slime Pits.
 27073 | Lair:6   | Reached XP level 15. HP: 150/150 MP: 15/15
 27437 | Lair:6   | Got a polished flail
 27460 | Lair:6   | Identified the cursed +1 flail "Orb Guardian's Doom"
                  | {crush, Fragile rC+++} (You found it on level 6 of the Lair
                  | of Beasts)
 27925 | D:12     | Found Noamiod's Book Shoppe.
 28230 | D:12     | Reached skill level 19 in Fighting
 29339 | D:13     | Found a gate to the Vaults.
 29779 | D:13     | Found a roughly hewn altar of Beogh.
 30156 | D:13     | Found a transporter.
 30159 | D:13     | Found a transporter.
 30235 | D:13     | Reached skill level 15 in Armour
 31463 | D:15     | Entered Level 15 of the Dungeon
 32024 | D:15     | Reached skill level 20 in Fighting
 32998 | D:15     | Received a gift from Trog
 33377 | D:15     | Reached XP level 16. HP: 124/163 MP: 16/16
 33560 | D:15     | Found a staircase to the Depths.
 34126 | Elf:1    | Entered Level 1 of the Elven Halls
 35188 | Elf:1    | Received a gift from Trog
 36565 | Elf:1    | Identified the Incunabulum of the Escort
 36966 | Elf:1    | Identified the Volume of Evil
 37664 | Elf:2    | Received a gift from Trog
 38066 | Elf:2    | Found a runed translucent gate.
 38090 | Elf:2    | Found a runed translucent gate.
 38091 | Elf:2    | Found a runed translucent gate.
 38877 | Elf:2    | Reached XP level 17. HP: 138/171 MP: 17/17
 39668 | Elf:3    | Entered Level 3 of the Elven Halls
 40105 | Elf:3    | Found Taufol's Jewellery Boutique.
 41646 | Elf:3    | Noticed an Ice Fiend
 41647 | Elf:3    | Noticed an Executioner
 42088 | Elf:3    | Noticed a deep elf blademaster
 42089 | Elf:3    | Reached skill level 10 in Shields
 42160 | Elf:3    | Killed a deep elf blademaster
 42509 | Elf:3    | Identified the cursed +1 steam dragon scales of the Valley
                  | {rF+ MR+}
 42824 | Elf:3    | Identified the ring of Imexuifao {*Drain +Fly rC+ Dex+2
                  | Slay+5}
 42915 | Elf:3    | Noticed a deep elf master archer
 42948 | Elf:3    | Killed a deep elf master archer
 43815 | Elf:3    | Noticed a Hell Sentinel
 43829 | Elf:3    | Noticed an Executioner
 44093 | Elf:3    | Noticed a Tzitzimitl
 44096 | Elf:3    | Noticed a Brimstone Fiend
 44510 | Elf:3    | Cast into level 3 of the Abyss (a deep elf demonologist)
 44578 | Abyss:3  | Noticed a tentacled starspawn
 44585 | Abyss:3  | Killed a tentacled starspawn
 44618 | Abyss:3  | Found a corrupted altar of Lugonu.
 44713 | Abyss:3  | Gained mutation: Scrolls take you a little longer to read.
                  | [a neqoxec]
 44723 | Abyss:3  | Gained mutation: You are dopey. (Int -2) [a neqoxec]
 44763 | Abyss:3  | Reached XP level 18. HP: 134/179 MP: 18/18
 44915 | Abyss:3  | HP: 4/179 [sixfirhy[a cacodemon] (9)]
 44916 | Abyss:3  | Slain by a sixfirhy

Levels and vault maps discovered:
D:1:      erik_arrival_gehennom, layout_loops_ring
D:2:      layout_rooms
D:3:      wad_river_or_something, layout_basic, first_ration, dk_noncrumbling_2,
          uniq_grinder
D:4:      layout_rooms, eat_drink_and_be_merry_uskayaw, serial_glass,
          glass_columns_b, glass_columns_b, corexii_shack
D:5:      layout_loops_corners
D:6:      layout_basic, lemuel_doored_altar, nicolae_overflow_crystal_walls,
          minmay_temple_entry_junction, uniq_sigmund
D:7:      minmay_chambers_of_sevens, layout_basic, okawaru_altar_gauntlet_db
D:8:      layout_basic, led_sif_book, special_room [special_room_orc],
          uniq_joseph
D:9:      lemuel_upstairs_altar, layout_stronghold, lemuel_crystal_altar,
          kennysheep_mini_moat
D:10:     layout_rooms, minmay_orc_entry_guard_dogs, serial_shops,
          nicolae_shop_statue_plus, grunt_pizzeria
D:11:     layout_basic, lair_entry_dummy, enter_trove_5, enter_bailey_3,
          uniq_nergalle
D:12:     layout_roguey, serial_shops, shop
D:13:     gammafunk_beogh_shrine, layout_loops_cross, erik_vaults_1
D:14:     nicolae_whirlpool, layout_irregular_city,
          chequers_serial_rivers_micro_d
D:15:     grunt_enter_depths_magical_seal, layout_cave_pods, abandoned_shop
Lair:1:   layout_roguey
Lair:2:   cheibrodos_lair_river_kwai, layout_regular_city,
          guppyfry_snake_entry_garden, chequers_serial_rivers_small_a
Lair:3:   layout_loops_ring, nicolae_volcano_entry_two_sided,
          serial_bayou_shore_a
Lair:4:   layout_roguey, shoals_dummy_entry, basic_altar, lemuel_fruit_fields
Lair:5:   layout_hall_layers
Lair:6:   grunt_lair_end_beastmaster, layout_loops_ring, slime_dummy,
          grunt_forest_large_clearings, uniq_sonja
Orc:1:    layout_diamond_mine, nicolae_orc_lava_room
Orc:2:    st_orc_elflike, layout_diamond_mine, uniq_snorg, uniq_saint_roka
Elf:1:    minmay_elf_arrival_circle, layout_geoelf_octagon,
          minmay_elf_necromancy, minmay_elf_demonology
Elf:2:    layout_geoelf_diagonals, minivault_20, glass_columns_b,
          nicolae_elf_w_pinch, minmay_misc_feat_columns
Elf:3:    minmay_elf_hall_golems, layout_geoelf_grid, serial_shops, shop,
          st_stairs_10, grunt_megastairs_2
Abyss:3:  base: Depths:3, nicolae_abyss_rune_star_stuff, evilmike_abyss_exit_11,
          evilmike_abyss_rune_elephants_shrine, nicolae_abyss_rune_left_handed

Skill      XL: |  1  2  3  4  5  6  7  8  9 10 11 12 13 14 15 16 17 |
---------------+----------------------------------------------------+-----
Axes           | 5 6 7 9 10 11 13 14 17 18 | 18.1
Fighting       | 5 8 10 12 15 18 20 | 20.3
Shields        | 3 5 8 12 | 12.6
Armour         | 5 9 10 12 13 14 15 18 19 | 19.7
Maces & Flails | 1 |  1.0
Dodging        | |  1.6

Action                   |  1- 3 |  4- 6 |  7- 9 | 10-12 | 13-15 | 16-18 || total
-------------------------+-------+-------+-------+-------+-------+-------++-------
Melee: Hand axe          |    72 |    94 |   539 |   322 |       |       ||  1027
       Broad axe         |       |       |       |   426 |   955 |   700 ||  2081
       Flail             |       |       |       |       |    69 |       ||    69
Invok: Berserk           |       |     2 |     2 |    13 |    13 |     5 ||    35
       Brothers in Arms  |       |       |       |     2 |     5 |     5 ||    12
       Trog's Hand       |       |       |       |     1 |     3 |    13 ||    17
Evoke: Wand              |       |       |     3 |     1 |     3 |       ||     7
  Use: Scroll            |       |     1 |    12 |    16 |    24 |     5 ||    58
       Potion            |       |       |       |     6 |     2 |    18 ||    26
 Stab: Sleeping          |     1 |       |     2 |     1 |       |       ||     4
       Paralysed         |       |       |     9 |     7 |       |     1 ||    17
       Distracted        |       |       |       |     1 |       |     1 ||     2
       Invisible         |       |       |       |       |       |     2 ||     2
  Eat: Chunk             |     1 |     3 |    14 |    29 |    38 |    13 ||    98
       Ration            |       |     1 |     1 |     4 |     9 |    10 ||    25
Armor: Animal skin       |    11 |     9 |       |       |       |       ||    20
       Ring mail         |       |    26 |   126 |   146 |       |       ||   298
       Scale mail        |       |       |       |    79 |   466 |   273 ||   818
Dodge: Dodged            |    41 |    69 |   199 |   234 |   386 |   196 ||  1125
Block: Buckler           |       |       |       |   120 |   285 |   239 ||   644
       Reflection        |       |       |       |       |    13 |    20 ||    33
